 Dungeon Crawl Stone Soup version 0.28-a0-1159-g27aa881441 (webtiles) character file.

Game seed: 15848671803970485472

11 spaghetti the Sneak (level 2, -2/21 HPs)
             Began as an Octopode Delver on Dec 15, 2021.
             Splashed by a jelly's acid (10 damage)
             ... on level 5 of the Dungeon.
             The game lasted 00:00:22 (68 turns).

spaghetti the Sneak (Octopode Delver)                 Turns: 68, Time: 00:00:22

Health: -2/21      AC: -3    Str: 11    XL:     2   Next: 25%
Magic:  2/2        EV: 13    Int: 12    God:
Gold:   0          SH:  0    Dex: 13    Spells: 1/1 levels left

rFire   . . .      SeeInvis .   a - +0 falchion {long}
rCold   . . .      Faith    .   (no shield)
rNeg    . . .      Spirit   .   (helmet restricted)
rPois   .          Reflect  .   (no amulet)
rElec   .          Harm     .   (no ring)
rCorr   .          Rampage  .   (no ring)
Will    .....                   (no ring)
Stlth   ++++......              (no ring)
HPRegen 0.07/turn               (no ring)
MPRegen 0.08/turn               (no ring)
                                (no ring)
                                (no ring)

@: corroded
A: almost no armour, amphibious, 8 rings, camouflage 1, gelatinous body 1,
(nimble swimmer 1), tentacles
a: no special abilities


You were on level 5 of the Dungeon.
You visited 1 branch of the dungeon, and saw 1 of its levels.


Innate Abilities, Weirdness & Mutations

You cannot wear most types of armour.
You are amphibious.
You can wear up to eight rings at the same time.
Your skin changes colour to match your surroundings (Stealth+).
Your rubbery body absorbs attacks. (AC +1, EV +1)
((You are camouflaged near water. (Stealth+)))
You have tentacles for arms and can constrict up to eight enemies at once.


   Skills:
 - Level 3.0 Fighting
 - Level 2.0 Long Blades
 - Level 2.0 Dodging
 + Level 7.3 Stealth


You had one spell level left.
You didn't know any spells.
Your spell library was empty.

Inventory:

Hand Weapons
 a - a +0 falchion (weapon) {long}
Wands
 f - a wand of digging (3)
Scrolls
 b - a scroll of fog
 c - a scroll of magic mapping {!r}
 d - a scroll of fear
Potions
 e - a potion of haste {@q3}
 g - a potion of lignification {!q}

Dungeon Overview and Level Annotations

Branches:
Dungeon (5/15)
 Temple: D:4-7

Altars:

#...........### ##
##....##....# ##.
##.......#.# ###..#
##......#... ......+
##............
......###..##....##...
.......#.........#
#.............#
#.@J......#.#..
#....Z......#J##.
#................
......?...........
.......###....#...
.##.... ....#.. .....
..... ...... ....


You could see a jelly and a scorpion zombie.


Message History

You hear the hiss of flowing sand.
There is an entrance to an ossuary on this level.
Hurry and find it before the portal is buried! 🤖 Initializing magus.rc ...
Options error: Delay interrupt name "hungry" not recognised. (~/.crawlrc:4771) ✅ Successfully initialized magus.rc [v1.9.6] Welcome, spaghetti the Octopode Delver.
Everyone else who sought the Orb of Zot has failed.
Will you be different?
Press ? for a list of commands and other information.
Found a stone staircase leading down.
Unknown command.
There is a stone staircase leading down here.
A jelly comes into view.
An adder comes into view.
The adder hisses angrily.
The adder bites you. 😮 HP[-4]
You take 4 damage, and now have 12/16 hp.
MASSIVE DAMAGE!! (PAUSE) Unknown command.
You hit the adder. Your grab misses the adder. The adder closely misses you.
The adder bites you.
* * * LOW HITPOINT WARNING * * *
😨 HP[-4]
You take 4 damage, and now have 8/16 hp.
MASSIVE DAMAGE!! (PAUSE)
You slash the adder!
You kill the adder!
Your Stealth skill increases to level 7!
You have reached level 2! 😨 HP[+2] MP[+1]
You now have 21 max hp (+5).
You regained 2 hp, and now have 10/21 hp.
Your mp is fully restored (2).
g - 2 fizzy blue potions
There are no items here.
It was a potion of lignification.
You turn into a tree.
Your roots penetrate the ground. 😮 HP[+6]
You now have 31 max hp (+10).
You regained 6 hp, and now have 16/31 hp.
Unknown command.
You cannot move.
You cannot move.
Unknown command.
You start resting.
You hear the slow hiss of an avalanche of sand.
An orc comes into view. It is wielding a +0 hand axe. 😮 HP[+2]
You regained 2 hp, and now have 18/31 hp.
Unknown command.
An orc is nearby!
An orc is nearby!
You cannot move.
You cannot move.
An orc is nearby!
The orc shouts! 😮 HP[+1]
You cannot move.
An orc is nearby!
Your transformation is almost over.
Unknown command.
Unknown command.
You hit the orc but do no damage. The orc hits you but does no damage. x2
You hit the orc but do no damage. The orc hits you but does no damage.
You hit the orc.
A scorpion zombie comes into view.
The orc hits you with a +0 hand axe. 😮 HP[-1]
You take 1 damage, and now have 18/31 hp.
The jelly quivers.
You hit the orc.
You kill the orc!
You cannot move. 😮 HP[+1]
The scorpion zombie hits you but does no damage.
You slash the jelly!
Your branches burn!
* * * LOW HITPOINT WARNING * * *
You feel less wooden. The jelly hits you.
* * * LOW HITPOINT WARNING * * *
The acid corrodes you!
You are splashed with acid!
You die...

Skill      XL: |  1 |
---------------+----+-----
Stealth        | 7 |  7.3
Fighting       | |  3.0
Long Blades    | |  2.0
Dodging        | |  2.0

Action                   || total
-------------------------++-------
Melee: Falchion          ||     7
  Use: Potion            ||     1
Armor: Skin              ||     4
Dodge: Dodged            ||     1

Levels and vault maps discovered:
D:5:      layout_cave_pools, lemuel_zombie_altar_yredelemnul, enter_ossuary_5,
          grunt_ministairs_9, roderic_roman_lattice, nicolae_wooded_promenade,
          uniq_crazy_yiuf_cottage, uniq_grinder, uniq_prince_ribbit1

Notes
Turn   | Place    | Note
-------+----------+-------------------------------------------
     0 | D:5      | spaghetti the Octopode Delver began the quest for the Orb.
     0 | D:5      | Reached XP level 1. HP: 16/16 MP: 1/1
     0 | D:5      | magus.rc [v1.9.6]
    15 | D:5      | Noticed a jelly
    22 | D:5      | Reached skill level 7 in Stealth
    22 | D:5      | Reached XP level 2. HP: 10/21 MP: 2/2
    68 | D:5      | Splashed by a jelly's acid

Vanquished Creatures
  An adder (D:5)
  An orc (D:5)
2 creatures vanquished.

Table legend:
 A = Non-vault XP
 B = Vault XP
 C = Vault XP percentage of total XP
 D = Non-vault monster count
 E = Vault monster count
 F = Vault count percentage of total count
                 A         B        C        D         E       F
            +---------+---------+-------+---------+---------+-------
      Total |      16 |       0 |   0.0 |       2 |       0 |   0.0
            +---------+---------+-------+---------+---------+-------
        D:5 |      16 |       0 |   0.0 |       2 |       0 |   0.0
            +---------+---------+-------+---------+---------+-------

Illustrated notes

Table legend:
 A = Kills in this place as a percentage of kills in entire the game.
 B = Kills by you in this place as a percentage of kills by you in the entire game.
 C = Kills by friends in this place as a percentage of kills by friends in the entire game.
 D = Other kills in this place as a percentage of other kills in the entire game.
 E = Experience gained in this place as a percentage of experience gained in the entire game.
 F = Experience gained in this place divided by the number of levels of this place that you have seen.
                   A       B       C       D       E      F
               +-------+-------+-------+-------+-------+----------------------
         Total | 100.0 | 100.0 |   N/A |   N/A | 100.0 |  16.0
       Dungeon | 100.0 | 100.0 |   N/A |   N/A | 100.0 |  16.0
               +-------+-------+-------+-------+-------+----------------------

Table legend: (Time is in decaauts)
 A = Elapsed time spent in this place.
 B = Non-inter-level travel time spent in this place.
 C = Inter-level travel time spent in this place.
 D = Time resting spent in this place.
 E = Time spent auto-exploring this place.
 F = Levels seen in this place.
 G = Mean time per level.
                   A        B        C        D        E       F      G
               +--------+--------+--------+--------+--------+-----+--------+
         Total |     69 |     69 |      0 |     24 |     15 |   1 |   69.0 |
       Dungeon |     69 |     69 |      0 |     24 |     15 |   1 |   69.0 |
               +--------+--------+--------+--------+--------+-----+--------+

Top non-repeatable levels by time:
     D:5: 69 daAuts
